 Dungeon Crawl Stone Soup version 0.30-a0-737-gf23d94013f (webtiles) character file.

Game seed: 15461579190381050912

667 jimonade the Cutter (level 7, 0/35 HPs)
             Began as a Vine Stalker Gladiator on Feb 1, 2023.
             Slain by a gnoll
             ... wielding a +0 halberd
              (6 damage)
             ... on level 5 of the Dungeon.
             The game lasted 00:06:53 (3219 turns).

jimonade the Cutter (Vine Stalker Gladiator)        Turns: 3219, Time: 00:06:54

Health: 0/35       AC:  6    Str: 23    XL:     7   Next: 57%
Magic:  0/8        EV: 12    Int:  8    God:
Gold:   176        SH:  0    Dex: 17    Spells: 6/6 levels left

rFire   . . .      SeeInvis .    a - +0 rapier (flame)
rCold   . . .      Faith    .    (no shield)
rNeg    . . .      Spirit   +    o - +0 ring mail
rPois   .          Reflect  .    u - +0 helmet
rElec   .          Harm     .    (no cloak)
rCorr   .          Rampage  .    (no gloves)
Will    .....                    (no boots)
Stlth   +                        (no amulet)
HPRegen 1.05/turn                m - +6 ring of strength
MPRegen 0.11/turn                (no ring)

@: no status effects
A: fangs 2, regeneration 1, magic shield, antimagic bite, no potion heal 2
a: no special abilities


You were on level 5 of the Dungeon.
You visited 1 branch of the dungeon, and saw 5 of its levels.

You collected 176 gold pieces.

Inventory:

Hand Weapons
 a - a +0 rapier of flaming (weapon)
 b - a +2 dagger of draining
 c - a +0 sling
 r - a +3 spear
Missiles
 d - 3 throwing nets (quivered)
 e - 5 javelins
Armour
 g - a +0 leather armour
 o - a +0 ring mail (worn)
 u - a +0 helmet (worn)
Magical Staves
 j - a staff of conjuration
Jewellery
 m - a +6 ring of strength (left hand)
 n - the amulet of the Air {Inacc Air Fly rElec RMsl}
   (You found it on level 2 of the Dungeon)

   [amulet of nothing]

   Inacc:     It reduces the accuracy of your attacks and spells.
   Air:       It enhances your air magic.
   rElec:     It insulates you from electricity.
   Fly:       It grants you flight.
   RMsl:      It protects you from missiles.
Scrolls
 k - 2 scrolls of identify
 p - a scroll of immolation
Potions
 f - a potion of degeneration {unknown}
 h - 2 potions of lignification {unknown}
 i - 2 potions of flight {unknown}
 l - 2 potions of brilliance {unknown}
 q - 2 potions of curing {unknown}
 s - a potion of haste {unknown}


   Skills:
 + Level 2.9 Fighting
 * Level 6.4 Short Blades
 + Level 1.7 Throwing
 + Level 2.2 Armour
 + Level 3.0 Dodging
 + Level 1.3 Stealth


You had 6 spell levels left.
You didn't know any spells.
Your spell library contained the following spells:

 Spells                   Type           Power      Damage    Failure   Level
 Slow                     Hex            0%         N/A       56%         1
 Confusing Touch          Hex            0%         N/A       90%         3
 Dazzling Flash           Conj/Hex       0%         N/A       90%         3
 Tukima's Dance           Hex            0%         N/A       90%         3
 Vampiric Draining        Necr           0%         2d6       90%         3
 Iskenderun's Mystic Bla  Conj/Tloc      0%         2d3       100%        4
 Passage of Golubria      Tloc           0%         N/A       100%        4
 Yara's Violent Unravell  Hex/Tmut       0%         3d3       100%        5
 Starburst                Conj/Fire      0%         6d3       100%        6


Dungeon Overview and Level Annotations

Branches:
Dungeon (5/15)
 Temple: D:4-7

Altars:
Makhleb
Nemelex Xobeh
The Shining One

Shops:
D:4 :*


Innate Abilities, Weirdness & Mutations

You have extremely sharp teeth.
Your natural rate of healing is unusually fast.
When hurt, damage is shared between your health and your magic reserves.
Your bite disrupts and absorbs the magic of your enemies.
Potions cannot restore your health.


Message History

a - a +0 rapier of flaming (weapon)
You feel sick.
You hit the iguana. You burn the iguana.
The iguana is heavily wounded.
You feel sick. The iguana closely misses you.
You hit the iguana. You burn the iguana.
The iguana is almost dead.
You feel sick. The iguana barely misses you.
You hit the iguana but do no damage. You bite the iguana.
You kill the iguana!
Your +0 rapier of flaming stops flaming.
You sense an unholy aura.
b - a +2 dagger of draining (weapon)
You feel sick.
You are no longer poisoned.
You hit the gnoll but do no damage. You bite the gnoll. You drain its power.
You feel invigorated.
The gnoll is moderately wounded.
The gnoll closely misses you.
You hit the gnoll but do no damage. You drain the gnoll.
Your bite misses the gnoll.
The gnoll is heavily wounded.
Your +0 rapier of flaming bursts into flame!
a - a +0 rapier of flaming (weapon)
The gnoll hits you from afar with a +0 halberd!
* * * LOW HITPOINT WARNING * * *
The gnoll barely misses you.
You hit the gnoll but do no damage.
The gnoll is heavily wounded.
The gnoll hits you from afar with a +0 halberd.
* * * LOW HITPOINT WARNING * * *
The gnoll closely misses you.
You hit the gnoll but do no damage. Your bite misses the gnoll.
The gnoll is heavily wounded.
The gnoll barely misses you. The gnoll hits you with a +0 flail.
* * * LOW HITPOINT WARNING * * *
You hit the gnoll. You burn the gnoll.
You kill the gnoll!
The gnoll hits you from afar with a +0 halberd!
You die...

######### #.....@.#
#.#####)#
######.##.##g#
#...##.#.# ...
###.......# #...#
####........#.#....#
...†................
.###.......#####.##.
.# ###...### #.# .#


You could see a gnoll.

Vanquished Creatures
  A necrophage (D:4)
  3 scorpions
  2 hounds
  2 iguanas
  4 orc wizards (D:4)
  5 gnolls
  6 adders
  A shadow imp (D:5)
  2 worms
  4 dart slugs
  6 orcs
  4 bats
  7 endoplasms
  A giant cockroach (D:3)
  10 goblins
  9 hobgoblins
  4 jackals (D:2)
  10 kobolds
  5 quokkas
  10 ball pythons
  5 frilled lizards
  6 rats
107 creatures vanquished.

Vanquished Creatures (others)
  A fungus (D:2)
  4 plants (D:2)
5 creatures vanquished.

Grand Total: 112 creatures vanquished

Notes
Turn   | Place    | Note
-------+----------+-------------------------------------------
     0 | D:1      | jimonade the Vine Stalker Gladiator began the quest for the
                  | Orb.
     0 | D:1      | Reached XP level 1. HP: 11/11 MP: 2/2
   157 | D:1      | Reached skill level 3 in Short Blades
   209 | D:1      | Reached XP level 2. HP: 13/15 MP: 3/3
   549 | D:1      | Reached XP level 3. HP: 18/18 MP: 4/4
   973 | D:2      | Reached skill level 4 in Short Blades
   979 | D:2      | Gained mutation: Your natural rate of healing is unusually
                  | fast. [Vine Stalker growth]
   979 | D:2      | Reached XP level 4. HP: 17/23 MP: 3/5
  1297 | D:2      | Found a faded altar of an unknown god.
  1487 | D:2      | Found the amulet of the Air {Inacc Air Fly rElec RMsl}
  1814 | D:3      | Reached skill level 1 in Armour
  1814 | D:3      | Reached XP level 5. HP: 24/26 MP: 6/6
  2577 | D:4      | Found Juffe's Vocational Training.
  2591 | D:4      | Found Macw's Assorted Antiques.
  2617 | D:4      | Reached skill level 5 in Short Blades
  2617 | D:4      | Reached XP level 6. HP: 32/32 MP: 7/7
  2691 | D:4      | Reached skill level 1 in Stealth
  2812 | D:4      | Found a burning altar of Makhleb.
  2813 | D:4      | Found a glowing golden altar of the Shining One.
  2933 | D:4      | Reached XP level 7. HP: 33/35 MP: 8/8
  2939 | D:4      | Reached skill level 6 in Short Blades
  2950 | D:4      | Found a sparkling altar of Nemelex Xobeh.
  3115 | D:5      | Entered Level 5 of the Dungeon
  3162 | D:5      | HP: 1/35 [poisoned by a scorpion]
  3167 | D:5      | HP: 1/35 [poisoned by a scorpion]
  3219 | D:5      | Slain by a gnoll

Illustrated notes

Levels and vault maps discovered:
D:1:      onia_arrival_pentagram, layout_basic
D:2:      layout_basic, shapermc_ecumenical_altar_mp_ritualfount,
          minmay_octomino_j4
D:3:      layout_basic, st_stairs_7, minmay_bisected
D:4:      layout_cave_pools, general_overflow_altar,
          mainiacjoe_overflow_divided_tiny, serial_shops, shop,
          nicolae_shop_vocational
D:5:      layout_loops_cross, pdpol_wu_jian_five_deadly_venoms,
          nicolae_ossuary_entry_ruins

Skill      XL: |  1  2  3  4  5  6  7 |
---------------+----------------------+-----
Short Blades   | 3 4 5 6 |  6.4
Fighting       | 2 |  2.9
Armour         | 1 2 |  2.2
Stealth        | 1 |  1.3
Dodging        | 3 |  3.0
Throwing       | |  1.7

Action                     |  1- 3 |  4- 6 |  7- 9 || total
---------------------------+-------+-------+-------++-------
  Melee: Rapier            |    96 |   203 |    26 ||   325
         Bite              |    25 |    59 |    11 ||    95
         Punch             |     1 |     2 |       ||     3
         Dagger            |       |       |     9 ||     9
    Use: Scroll            |     2 |     3 |     2 ||     7
   Stab: Sleeping          |     1 |     4 |       ||     5
 Armour: Leather armour    |    28 |    40 |       ||    68
         Ring mail         |       |    22 |     7 ||    29
  Dodge: Dodged            |    72 |   112 |    15 ||   199

Table legend: (Time is in decaauts)
 A = Elapsed time spent in this place.
 B = Non-inter-level travel time spent in this place.
 C = Inter-level travel time spent in this place.
 D = Time resting spent in this place.
 E = Time spent auto-exploring this place.
 F = Levels seen in this place.
 G = Mean time per level.
                   A        B        C        D        E       F      G
               +--------+--------+--------+--------+--------+-----+--------+
         Total |   3204 |   3122 |     82 |      0 |   2349 |   5 |  640.8 |
       Dungeon |   3204 |   3122 |     82 |      0 |   2349 |   5 |  640.8 |
               +--------+--------+--------+--------+--------+-----+--------+

Top non-repeatable levels by time:
     D:2: 952 daAuts
     D:1: 830 daAuts
     D:3: 740 daAuts
     D:4: 585 daAuts
     D:5: 96 daAuts
